 Dungeon Crawl Stone Soup version 0.24.0-7-gb3623d2c88 (webtiles) character file.

Game seed: 13564668968625852060, levelgen mode: deterministic

1841 Monsterracer the Cleaver (level 8, -6/76 HPs)
             Began as a Deep Dwarf Fighter on Nov 2, 2019.
             Was an Initiate of Makhleb.
             Mangled by a sixfirhy (9 damage)
             ... summoned by Xom
             ... on level 3 of the Abyss.
             The game lasted 00:02:48 (4797 turns).

Monsterracer the Cleaver (Deep Dwarf Fighter)       Turns: 4797, Time: 00:02:49

Health: -6/76      AC: 18    Str: 22    XL:     8   Next: 87%
Magic:  3/3        EV:  5    Int:  9    God:    Makhleb [......]
Gold:   236        SH: 10    Dex: 12    Spells: 7/7 levels left

rFire    . . .     SeeInvis .   a - +1 war axe
rCold    . . .     Gourm    .   b - +0 shield
rNeg     . . .     Faith    .   l - +0 plate armour
rPois    +         Spirit   .   p - +1 helmet
rElec    .         Reflect  .   h - +1 cloak
rCorr    .         Harm     .   (no gloves)
MR       +....                  (no boots)
Stlth    ..........             (no amulet)
HPRegen  0.00/turn              (no ring)
MPRegen  0.08/turn              (no ring)

@: non-regenerating
A: damage resistance, heal wounds, rugged brown scales 1, sense surroundings 1,
poison resistance, evolution 1, no regeneration
a: Heal Wounds, Renounce Religion


You were on level 3 of the Abyss.
You worshipped Makhleb.
Makhleb was noncommittal.
You were hungry.

You visited 2 branches of the dungeon, and saw 10 of its levels.
You visited the Abyss 1 time.

You collected 236 gold pieces.

Inventory:

Hand Weapons
 a - a +1 war axe (weapon)
Armour
 b - a +0 shield (worn)
 h - a +1 cloak (worn)
   (You found it on level 3 of the Dungeon)
 l - a +0 plate armour (worn)
   (You took it off an orc warrior on level 6 of the Dungeon)
 p - a +1 helmet (worn)
   (You found it on level 4 of the Dungeon)
Jewellery
 d - an uncursed ring of protection from fire {unknown}
   (You found it on level 3 of the Abyss)
Scrolls
 t - 5 scrolls of teleportation {!r}
Potions
 e - 3 potions of curing
 j - a potion of might
 m - a potion of ambrosia {unknown}
 n - a potion of agility {unknown}
 o - a potion of flight {unknown}
 q - a potion of brilliance {unknown}
Comestibles
 c - 10 rations


   Skills:
 + Level 5.3 Fighting
 * Level 8.1 Axes
 + Level 6.4 Armour
 + Level 6.3 Shields
 + Level 2.6 Invocations


You had 7 spell levels left.
You didn't know any spells.
Your spell library contained the following spells:

 Spells                   Type           Power        Failure   Level  Hunger
 Animate Skeleton         Necr           N/A          100%        1    ##.....
 Pain                     Necr           #...         100%        1    ##.....
 Vampiric Draining        Necr           #.........   100%        3    ####...
 Animate Dead             Necr           N/A          100%        4    #####..
 Regeneration             Chrm/Necr      Unusable     N/A         3    N/A

Dungeon Overview and Level Annotations

Branches:
Dungeon (10/15)            Temple (1/1) D:7
   Lair: D:8-11         Orc: D:9-12

Altars:
Ashenzari
Cheibriados
Dithmenos
Fedhas
Gozag
Hepliaklqana
Kikubaaqudgha
Makhleb
Nemelex Xobeh
Okawaru
Qazlal
Ru
Sif Muna
Uskayaw
Vehumet
Xom
Yredelemnul
Zin

Annotations:
D:6 3 runed translucent doors, EmberCloud's ghost, novice MiFi
D:9 Erolcha


Innate Abilities, Weirdness & Mutations

You are resistant to damage.
You can heal yourself by infusing magical energy.
You passively map a small area around you.
You do not regenerate.
You are partially covered in rugged brown scales. (AC +1, +3% HP)
Your system is resistant to poisons. (rPois)
You evolve.


Message History

Deactivating autopickup; reactivate with Ctrl-A.
Something hits you but does no damage.
Your shield and plate armour prevent you from hitting something.
Something hits you but does no damage.
Your plate armour prevents you from hitting something.
Something hits you but does no damage.
You closely miss something.
Something hits you but does no damage. x2
Your shield and plate armour prevent you from hitting something.
Something hits you but does no damage.
You slash something! Makhleb accepts your kill.
Reactivating autopickup.
You feel a bit more experienced.
Deactivating autopickup; reactivate with Ctrl-A.
You closely miss something. Something hits you.
You slash something! Something hits you!!
You miss something. Something hits you!
* * * LOW HITPOINT WARNING * * *
Your magical essence is drained by the effort!
You feel much better.
Your magical essence is drained by the effort!
You feel much better. Something hits you!
Your shield prevents you from hitting something.
Something hits you but does no damage.
You hit something but do no damage.
You hear some strange, mumbled words.
A stone arrow appears from out of thin air!
You block the stone arrow.
You closely miss something. Something hits you!
You slash something! Something hits you!
You hit something. Something hits you!
You hit something but do no damage. Something hits you.
You closely miss something. You slash something!
You hear some strange, mumbled words.
You are cast into the Abyss!
To return, you must find a gate leading back.
Killing monsters will force the Abyss to allow you passage.
This branch contains the abyssal rune of Zot.
Reactivating autopickup.
Found a gateway leading deeper into the Abyss.
Found a ration.
There is a gateway leading deeper into the Abyss here.
Your magical essence is drained by the effort!
You feel much better.
You plunge deeper into the Abyss.
The abyssal rune of Zot can be found at this depth.
Found 30 gold pieces.
You now have 236 gold pieces (gained 30).
d - a large peridot ring
c - 10 rations (gained 1)
An orb spider comes into view.
The orb spider hisses angrily.
The orb spider spins a strand of pure energy.
You see here a scroll labeled FOG ITHAT JURO.
As you read the scroll labeled FOG ITHAT JURO, it crumbles to dust.
You smell pipe weed.
It was a scroll of random uselessness.
The orb spider weaves a glowing orb of energy.
An orb of destruction comes into view.
Found a glowing quarterstaff.
The orb of destruction hits you!!!
An apocalypse crab comes into view.
The apocalypse crab breathes chaos at you.
The blast of chaos engulfs you but does no damage. "Fight to survive, mortal."
Found a glowing short sword.
You barely miss the quasit. You slash the ufetubus!
You kill the ufetubus!
You closely miss the white imp. You hit the quasit but do no damage.
You closely miss the white imp.
You are engulfed in seething chaos.
You hit the quasit but do no damage. You slash the white imp!
You closely miss the quasit. You hit the white imp.
You are engulfed in seething chaos.
The sixfirhy is engulfed in seething chaos. x3
The sixfirhy flickers and vanishes!
Deactivating autopickup; reactivate with Ctrl-A.
Something hits you!
* * * LOW HITPOINT WARNING * * *
Something shocks you!
* * * LOW HITPOINT WARNING * * *
The quasit is engulfed in seething chaos.
The quasit flickers and vanishes!
You block something's attack. x2
Something claws you but does no damage.
The quasit is engulfed in seething chaos.
The quasit is moving more slowly.
You block the quasit's attack.
The quasit claws you but does no damage. x2
Something hits you. Something shocks you!
* * * LOW HITPOINT WARNING * * *
The white imp is engulfed in seething chaos.
The white imp shouts, "Begone, thou impertinent cabbage-coddling dewberry!"
The white imp is engulfed in seething chaos.
The white imp seems to speed up.
The white imp disappears for a moment.
The white imp is engulfed in seething chaos.
You hit the white imp but do no damage. You barely miss something.
You hit the white imp but do no damage. You slash something!
You hit the quasit. Something hits you but does no damage. Something hits you.
* * * LOW HITPOINT WARNING * * *
Something shocks you!
You die...

.##.# ......#
#. . ....#....
.## ..
..#........#.
#.......#...# #
#..s°○#..... #
# #..°..# ##
... ...##..####
#....
#...s55##...).#
#....# .##@5t5#
#####
##5.5{5#..#
#.#5#55# .. #.
##.. #. .# #.#
# .# #.# . .# .
#


You could see an apocalypse crab, an orb spider, an iron imp, a quasit
(petrifying), a crimson imp, 6 white imps and a shadow imp.

Vanquished Creatures
  A hippogriff (D:9)
  A wyvern (D:9)
  An orc warrior (D:6)
  A sky beast (D:9)
  An ice beast (D:5)
  2 ogres (D:6 D:9)
  A centaur (D:5)
  2 bullfrogs (D:6 D:10)
  2 howler monkeys (D:5 D:6)
  2 crimson imps (D:4 D:7)
  2 bullfrog skeletons (D:4 D:6)
  2 orc priests (D:6 D:7)
  5 hounds (D:4 D:5 D:7)
  3 centaur skeletons (D:4 D:5 D:6)
  A gnoll shaman (D:4)
  An iguana (D:6)
  4 worker ants (D:4 D:6 D:10)
  A hound zombie (D:7)
  3 gnolls (D:4)
  6 adders (D:3 D:4 D:7 D:10)
  An adder skeleton (D:4)
  4 worms (D:2 D:3 D:5)
  3 dart slugs (D:1 D:2 D:4)
  4 leopard geckos (D:1 D:4 D:5)
  12 orcs (D:4 D:6 D:7 D:10)
  10 bats (D:1 D:2 D:3)
  5 giant cockroaches (D:1 D:2 D:3 D:4 D:7)
  10 goblins (D:1 D:2 D:3)
  5 hobgoblins (D:1 D:3)
  11 jackals (D:1 D:4 D:5)
  4 quokkas (D:2 D:3 D:4)
  4 frilled lizards (D:2 D:3 D:4)
  2 jackal zombies (D:6)
  8 kobolds (D:1 D:2 D:3)
  A leopard gecko zombie (D:5)
  A quokka zombie (D:6)
  26 rats (D:1 D:2 D:3)
  A spectral orc (D:4)
154 creatures vanquished.

Notes
Turn   | Place    | Note
-------+----------+-------------------------------------------
     0 | D:1      | Monsterracer the Deep Dwarf Fighter began the quest for the
                  | Orb.
     0 | D:1      | Reached XP level 1. HP: 20/20 MP: 1/1
   139 | D:1      | Reached XP level 2. HP: 22/27 MP: 2/2
   440 | D:1      | Reached skill level 3 in Axes
   536 | D:1      | Reached XP level 3. HP: 23/33 MP: 3/3
   886 | D:2      | HP: 11/34 [worm (8)]
  1063 | D:2      | Found a stormy altar of Qazlal.
  1075 | D:2      | Found a blossoming altar of Fedhas.
  1108 | D:2      | Found a sacrificial altar of Ru.
  1110 | D:2      | Reached XP level 4. HP: 38/42 MP: 4/4
  1161 | D:2      | Found a shimmering altar of Xom.
  1357 | D:2      | Became a worshipper of Xom of Many Doors
  1443 | D:3      | Found a radiant altar of Vehumet.
  1507 | D:3      | Found a sparkling altar of Nemelex Xobeh.
  1535 | D:3      | XOM: harmless Ice miscast
  1693 | D:3      | XOM: harmless Fire miscast
  1712 | D:3      | Found a snail-covered altar of Cheibriados.
  1719 | D:3      | XOM: cast spell 'Call Canine Familiar'
  2055 | D:4      | Reached XP level 5. HP: 45/49 MP: 5/5
  2069 | D:4      | Reached skill level 4 in Axes
  2083 | D:4      | XOM: enchant monster (bad)
  2122 | D:4      | XOM: harmless Hex miscast
  2492 | D:4      | Reached XP level 6. HP: 43/57 MP: 6/6
  2765 | D:4      | Reached skill level 5 in Axes
  2797 | D:4      | XOM: mild Tloc miscast
  2817 | D:4      | Found a basalt altar of Yredelemnul.
  3013 | D:5      | Entered Level 5 of the Dungeon
  3094 | D:5      | Noticed an ice beast
  3102 | D:5      | Killed an ice beast
  3102 | D:5      | Reached XP level 7. HP: 62/64 MP: 7/7
  3106 | D:5      | Reached skill level 5 in Armour
  3106 | D:5      | Reached skill level 5 in Shields
  3797 | D:6      | HP: 31/64 [ogre/+0 giant club (14)]
  3798 | D:6      | Reached skill level 6 in Axes
  3826 | D:6      | XOM: harmless Air miscast
  3850 | D:6      | XOM: give mutations
  3850 | D:6      | Gained mutation: Scrolls take you a little longer to read.
                  | [Xom's mischief]
  3850 | D:6      | Gained mutation: Armour fits poorly on your strangely
                  | shaped body. [Xom's mischief]
  3850 | D:6      | Gained mutation: You have an increased reservoir of magic.
                  | (+10% MP) [Xom's mischief]
  3855 | D:6      | HP: 28/66 [orc warrior/+0 long sword (14)]
  3860 | D:6      | HP: 33/66 [centaur skeleton (3)]
  3866 | D:6      | HP: 9/66 [orc priest/divine providence (10)]
  3874 | D:6      | Reached XP level 8. HP: 53/73 MP: 7/7
  4045 | D:6      | Reached skill level 7 in Axes
  4052 | D:6      | Found a runed translucent gate.
  4052 | D:6      | Found a runed translucent gate.
  4052 | D:6      | Found a runed translucent gate.
  4054 | D:6      | XOM: noise
  4057 | D:6      | Noticed EmberCloud's ghost (novice MiFi)
  4140 | D:6      | Found a glowing silver altar of Zin.
  4308 | D:7      | Found a staircase to the Ecumenical Temple.
  4309 | D:7      | XOM: summons 2 hostile shadow creatures
  4358 | Temple   | Entered the Ecumenical Temple
  4469 | Temple   | Fell from the grace of Xom
  4469 | Temple   | Became a worshipper of Makhleb the Destroyer
  4523 | D:7      | You fall into a shaft and drop 3 floors!
  4523 | D:10     | Entered Level 10 of the Dungeon
  4555 | D:10     | Reached skill level 5 in Fighting
  4598 | D:10     | Reached skill level 1 in Invocations
  4602 | D:10     | HP: 19/74 [orc warrior/+0 halberd (21)]
  4631 | D:9      | XOM: noise
  4636 | D:9      | Lost mutation: Scrolls take you a little longer to read.
                  | [potion of mutation]
  4636 | D:9      | Lost mutation: Armour fits poorly on your strangely shaped
                  | body. [potion of mutation]
  4636 | D:9      | Lost mutation: You have an increased reservoir of magic.
                  | (+10% MP) [potion of mutation]
  4636 | D:9      | Gained mutation: Your system is resistant to poisons.
                  | (rPois) [potion of mutation]
  4636 | D:9      | Gained mutation: You are partially covered in rugged brown
                  | scales. (AC +1, +3% HP) [potion of mutation]
  4636 | D:9      | Gained mutation: You evolve. [potion of mutation]
  4650 | D:9      | HP: 31/76 [wyvern (9)]
  4709 | D:9      | Noticed Erolcha
  4709 | D:9      | Noticed a hippogriff
  4717 | D:9      | HP: 33/76 [Erolcha/+3 giant club (9)]
  4722 | D:9      | Killed a hippogriff
  4722 | D:9      | Reached skill level 8 in Axes
  4738 | D:9      | HP: 27/76 [something (28)]
  4746 | D:9      | HP: 31/76 [something (9)]
  4749 | D:9      | Cast into level 2 of the Abyss (Erolcha)
  4784 | Abyss:3  | Noticed an orb spider
  4791 | Abyss:3  | HP: 27/76 [disintegration (35)]
  4794 | Abyss:3  | Noticed an apocalypse crab
  4794 | Abyss:3  | XOM: summons 13 hostile demons
  4795 | Abyss:3  | Noticed a sixfirhy
  4796 | Abyss:3  | HP: 21/76 [something (6)]
  4796 | Abyss:3  | HP: 4/76 [something (7)]
  4797 | Abyss:3  | Mangled by a sixfirhy

Levels and vault maps discovered:
D:1:      minmay_arrival_wavy_path, layout_loops_ring
D:2:      layout_basic, grunt_temple_overflow_forces_of_nature,
          lemuel_coloured_pillars_altar, lemuel_crystal_altar, minmay_rat_hole
D:3:      layout_basic, lemuel_crystal_altar, old_standard_altar,
          nemelex_altar_shiori
D:4:      layout_loops_corners, yredelemnul_forgotten_temple_becter
D:5:      layout_basic, first_ration
D:6:      layout_cave_pools, kennysheep_mini, gammafunk_ghost_necromancy
D:7:      layout_loops_ring, kennysheep_little_box,
          nicolae_overflow_hidden_temple, minmay_temple_entry_proselytizer
D:9:      layout_loops_corners, david_nohive_1, nicolae_xom_altar_mimics,
          uniq_erolcha
D:10:     layout_roguey [special_room_orc], hiddenorc2_lemuel
Temple:   kb_temple_of_zot
Abyss:3:  hangedman_abyss_rune_macabre_mess, bh_abyss_exit_choice,
          hangedman_abyss_river_spirits

Skill      XL: |  1  2  3  4  5  6  7  8 |
---------------+-------------------------+-----
Axes           | 3 4 5 6 8 |  8.1
Fighting       | 3 4 5 |  5.3
Armour         | 4 5 6 |  6.4
Shields        | 4 5 6 |  6.3
Invocations    | 2 |  2.6

Action                   |  1- 3 |  4- 6 |  7- 9 || total
-------------------------+-------+-------+-------++-------
Melee: War axe           |   176 |   216 |   192 ||   584
 Abil: Heal Wounds       |     1 |     3 |    13 ||    17
  Use: Scroll            |       |     7 |     4 ||    11
       Potion            |       |       |     3 ||     3
  Eat: Chunk             |     1 |     7 |     5 ||    13
Armor: Scale mail        |   117 |   122 |    24 ||   263
       Plate armour      |       |       |   102 ||   102
Dodge: Dodged            |    70 |    80 |    44 ||   194
Block: Shield            |   107 |   136 |   127 ||   370
